| TOP OF THE 1ST |
|
Lakewood BlueClaws batting - Pitching for Hartford Yard Goats : LHP John Mandarino
|
|
Pitching: LHP John Mandarino
|
|
|
Batting: RHB Prabhukumar Santhanakrishnan
|
0-0: Ball 1-0: Ground out 1-3 (Groundball, 25, EV 70.6 MPH)
|
|
Batting: RHB Mark Schultz
|
0-0: SINGLE (Groundball, 34D, EV 97.5 MPH)
|
|
Batting: SHB Marco de Leon
|
0-0: Ball 1-0: Ball 2-0: Ball 3-0: Base on Balls Mark Schultz to second
|
|
Batting: RHB Victor Arroyo
|
0-0: Ball 1-0: Ball 2-0: Ball 3-0: Base on Balls Mark Schultz to third Marco de Leon to second
|
|
Batting: RHB Carlos Morejon
|
0-0: Ball 1-0: Foul Ball, location: 2F 1-1: Foul Ball, location: 2F 1-2: Strikes out swinging
|
|
Batting: LHB Alex Fernandez
|
0-0: Swinging Strike 0-1: Foul Ball, location: 2F 0-2: Ball 1-2: Strikes out swinging
|
| Top of the 1st over - 0 runs, 1 hit, 0 errors, 3 left on base; Lakewood 0 - Hartford 0 |
| BOTTOM OF THE 1ST |
|
Hartford Yard Goats batting - Pitching for Lakewood BlueClaws : RHP Roberto Ruiz
|
|
Pitching: RHP Roberto Ruiz
|
|
|
Batting: RHB Willis Morales
|
0-0: Ball 1-0: Ball 2-0: Ground out 4-3 (Groundball, 4, EV 104.4 MPH)
|
|
Batting: LHB Roy Riess
|
0-0: Called Strike 0-1: Foul Ball, location: 2F 0-2: Ball 1-2: Fly out, F8 (Flyball, 8LD, EV 105.0 MPH)
|
|
Batting: LHB Eric Ludwig
|
0-0: Ball 1-0: Foul Ball, location: 2F 1-1: Ground out 4-3 (Groundball, 4, EV 99.4 MPH)
|
| Bottom of the 1st over - 0 runs, 0 hits, 0 errors, 0 left on base; Lakewood 0 - Hartford 0 |
| TOP OF THE 2ND |
|
Lakewood BlueClaws batting - Pitching for Hartford Yard Goats : LHP John Mandarino
|
|
Batting: RHB Joe Hewitt
|
0-0: Ball 1-0: Ground out 4-3 (Groundball, 4, EV 102.5 MPH)
|
|
Batting: RHB Frank Shelton
|
0-0: Ground out 3-1 (Groundball, 34, EV 105.6 MPH)
|
|
Batting: RHB Pedro Mata
|
0-0: Ground out 6-3 (Groundball, 6S, EV 75.0 MPH)
|
| Top of the 2nd over - 0 runs, 0 hits, 0 errors, 0 left on base; Lakewood 0 - Hartford 0 |
| BOTTOM OF THE 2ND |
|
Hartford Yard Goats batting - Pitching for Lakewood BlueClaws : RHP Roberto Ruiz
|
|
Batting: LHB Chris Raymond
|
0-0: Called Strike 0-1: Swinging Strike 0-2: Foul Ball, location: 2F 0-2: Ball 1-2: Ball 2-2: Fly out, F8 (Flyball, 8LXD, EV 98.1 MPH)
|
|
Batting: RHB Matt Fabre
|
0-0: Called Strike 0-1: Ball 1-1: Ball 2-1: SINGLE (Flyball, 4D, EV 96.9 MPH)
|
|
Batting: LHB Joe Miller
|
0-0: Ball 1-0: Foul Ball, location: 2F 1-1: Ball 2-1: Swinging Strike 2-2: Ball 3-2: Foul Ball, location: 2F 3-2: Ground out 4-3 (Groundball, 4, EV 105.6 MPH) Matt Fabre to second
|
|
Batting: RHB Elias Urbina
|
0-0: Ground out 4-3 (Groundball, 4, EV 84.4 MPH)
|
| Bottom of the 2nd over - 0 runs, 1 hit, 0 errors, 1 left on base; Lakewood 0 - Hartford 0 |
| TOP OF THE 3RD |
|
Lakewood BlueClaws batting - Pitching for Hartford Yard Goats : LHP John Mandarino
|
|
Batting: RHB Prabhukumar Santhanakrishnan
|
0-0: Ball 1-0: Foul Ball, location: 2F 1-1: Ball 2-1: DOUBLE (Flyball, 89D, EV 110.0 MPH)
|
|
Batting: RHB Mark Schultz
|
0-0: Foul Ball, location: 2F 0-1: DOUBLE (Line Drive, 89M, EV 89.4 MPH) Prabhukumar Santhanakrishnan scores
|
|
Batting: SHB Marco de Leon
|
0-0: Ball 1-0: Ball 2-0: Called Strike 2-1: Foul Ball, location: 2F 2-2: Strikes out swinging
|
|
Batting: RHB Victor Arroyo
|
0-0: Foul Ball, location: 2F 0-1: Ball 1-1: 2-RUN HOME RUN (Flyball, 9LD, EV 91.9 MPH), Distance : 339 ft
|
|
Batting: RHB Carlos Morejon
|
0-0: Ball 1-0: Ball 2-0: Swinging Strike 2-1: Ball 3-1: Base on Balls
|
|
Batting: LHB Alex Fernandez
|
0-0: Ball 1-0: Ball Wild Pitch! Carlos Morejon to second 2-0: Called Strike 2-1: Swinging Strike 2-2: Fly out, F6 (Line Drive, 4M, EV 65.6 MPH)
|
|
Batting: RHB Joe Hewitt
|
0-0: Fly out, F4 (Popup, 13, EV 76.2 MPH)
|
| Top of the 3rd over - 3 runs, 3 hits, 0 errors, 1 left on base; Lakewood 3 - Hartford 0 |
| BOTTOM OF THE 3RD |
|
Hartford Yard Goats batting - Pitching for Lakewood BlueClaws : RHP Roberto Ruiz
|
|
Batting: RHB Brent Moody
|
0-0: Ball 1-0: Swinging Strike 1-1: Reached on error, E6 (Groundball, 6, EV 86.9 MPH)
|
|
Batting: RHB Yamashita Yagi
|
0-0: Foul Ball, location: 2F 0-1: Called Strike 0-2: Foul Ball, location: 2F 0-2: Strikes out swinging
|
|
Batting: RHB Willis Morales
|
0-0: Ball Brent Moody steals 3rd base 1-0: Ball 2-0: Ball 3-0: Called Strike 3-1: Base on Balls
|
|
Batting: LHB Roy Riess
|
0-0: Called Strike 0-1: Fly out, F8 (Flyball, 8RD, EV 100.0 MPH) Runner from 3rd tags up, SCORES, throw by CF
|
|
Batting: LHB Eric Ludwig
|
0-0: Ball 1-0: Called Strike Willis Morales steals 2nd base (no throw) 1-1: Fly out, F5 (Popup, 56S, EV 71.2 MPH)
|
| Bottom of the 3rd over - 1 run, 0 hits, 1 error, 1 left on base; Lakewood 3 - Hartford 1 |
| TOP OF THE 4TH |
|
Lakewood BlueClaws batting - Pitching for Hartford Yard Goats : LHP John Mandarino
|
|
Batting: RHB Frank Shelton
|
0-0: Ball 1-0: SINGLE (Groundball, 56D, EV 97.5 MPH)
|
|
Batting: RHB Pedro Mata
|
0-0: Called Strike 0-1: Called Strike 0-2: Ball 1-2: Foul Ball, location: 2F 1-2: Ball 2-2: Ball 3-2: Grounds into double play, 6-4-3 (Groundball, 6, EV 87.5 MPH)
|
|
Batting: RHB Prabhukumar Santhanakrishnan
|
0-0: Swinging Strike 0-1: Ground out 6-3 (Groundball, 6, EV 102.5 MPH)
|
| Top of the 4th over - 0 runs, 1 hit, 0 errors, 0 left on base; Lakewood 3 - Hartford 1 |
| BOTTOM OF THE 4TH |
|
Hartford Yard Goats batting - Pitching for Lakewood BlueClaws : RHP Roberto Ruiz
|
|
Batting: LHB Chris Raymond
|
0-0: Called Strike 0-1: Ball 1-1: TRIPLE (Flyball, 8RXD, EV 103.8 MPH)
|
|
Batting: RHB Matt Fabre
|
0-0: Ball 1-0: Swinging Strike 1-1: Foul Ball, location: 2F 1-2: Strikes out swinging
|
|
Batting: LHB Joe Miller
|
0-0: Ball 1-0: Foul Ball, location: 2F 1-1: Ball 2-1: SINGLE (Line Drive, 56D, EV 94.4 MPH) Chris Raymond scores
|
|
Batting: RHB Elias Urbina
|
0-0: Ball Wild Pitch! Joe Miller to second 1-0: Called Strike 1-1: Ground out 6-3 (Groundball, 6, EV 87.5 MPH)
|
|
Batting: RHB Brent Moody
|
0-0: Ball 1-0: Called Strike 1-1: Ball 2-1: Foul Ball, location: 2F 2-2: Ball Wild Pitch! Joe Miller to third 3-2: Foul Ball, location: 2F 3-2: Foul Ball, location: 2F 3-2: Base on Balls
|
|
Batting: RHB Yamashita Yagi
|
0-0: Foul Ball, location: 2F 0-1: Ball 1-1: SINGLE (Groundball, 56D, EV 100.0 MPH) Joe Miller scores Brent Moody to second Runner from 2nd tries for 3rd, SAFE, throw by LF made to third
|
|
Batting: RHB Willis Morales
|
0-0: Called Strike 0-1: Ball 1-1: Foul Ball, location: 2F 1-2: Fly out, F7 (Flyball, 7S, EV 81.9 MPH)
|
| Bottom of the 4th over - 2 runs, 3 hits, 0 errors, 2 left on base; Lakewood 3 - Hartford 3 |
| TOP OF THE 5TH |
|
Lakewood BlueClaws batting - Pitching for Hartford Yard Goats : LHP John Mandarino
|
|
Batting: RHB Mark Schultz
|
0-0: Called Strike 0-1: Fly out, F3 (Popup, 3, EV 78.1 MPH)
|
|
Batting: SHB Marco de Leon
|
0-0: Called Strike 0-1: Ball 1-1: Called Strike 1-2: Ball 2-2: Ball 3-2: Base on Balls
|
|
Batting: RHB Victor Arroyo
|
0-0: Ball 1-0: Ball 2-0: Ball 3-0: Called Strike 3-1: Base on Balls Marco de Leon to second
|
|
Batting: RHB Carlos Morejon
|
0-0: Ball 1-0: Foul Ball, location: 2F 1-1: Foul Ball, location: 2F 1-2: SINGLE (Groundball, 6D, EV 108.1 MPH) Marco de Leon to third Victor Arroyo to second Runner from 3rd tries for Home, throw by LF and OUT! 7-2
|
|
Batting: LHB Alex Fernandez
|
0-0: Foul Ball, location: 2F 0-1: Ball 1-1: Fielders Choice at 2nd, 6-4 (Groundball, 6, EV 85.0 MPH)
|
| Top of the 5th over - 0 runs, 1 hit, 0 errors, 2 left on base; Lakewood 3 - Hartford 3 |
| BOTTOM OF THE 5TH |
|
Hartford Yard Goats batting - Pitching for Lakewood BlueClaws : RHP Roberto Ruiz
|
|
Batting: LHB Roy Riess
|
0-0: Swinging Strike 0-1: Swinging Strike 0-2: Ball 1-2: Strikes out swinging
|
|
Batting: LHB Eric Ludwig
|
0-0: Ball 1-0: Ball 2-0: Called Strike 2-1: Swinging Strike 2-2: Strikes out looking
|
|
Batting: LHB Chris Raymond
|
0-0: Ground out 5-3 (Groundball, 56, EV 76.2 MPH)
|
| Bottom of the 5th over - 0 runs, 0 hits, 0 errors, 0 left on base; Lakewood 3 - Hartford 3 |
| TOP OF THE 6TH |
|
Lakewood BlueClaws batting - Pitching for Hartford Yard Goats : LHP John Mandarino
|
|
Batting: RHB Joe Hewitt
|
0-0: Called Strike 0-1: Ground out 1-3 (Groundball, P, EV 71.9 MPH)
|
|
Pitching: LHP Steve Lima
|
|
|
Batting: RHB Frank Shelton
|
0-0: Ball 1-0: Called Strike 1-1: Swinging Strike 1-2: Ball 2-2: Ball 3-2: Base on Balls
|
|
Batting: RHB Pedro Mata
|
0-0: TRIPLE (Flyball, 89XD, EV 94.4 MPH) Frank Shelton scores
|
|
Batting: RHB Prabhukumar Santhanakrishnan
|
0-0: Called Strike 0-1: Ball 1-1: Ground out 4-3 (Groundball, 6, EV 81.9 MPH)
|
|
Batting: RHB Mark Schultz
|
0-0: Called Strike 0-1: Foul Ball, location: 2F 0-2: Strikes out swinging, 2-3 out at first.
|
| Top of the 6th over - 1 run, 1 hit, 0 errors, 1 left on base; Lakewood 4 - Hartford 3 |
| BOTTOM OF THE 6TH |
|
Hartford Yard Goats batting - Pitching for Lakewood BlueClaws : RHP Roberto Ruiz
|
|
Pitching: RHP Francisco Tejada
|
|
|
Batting: RHB Matt Fabre
|
0-0: Foul Ball, location: 2F 0-1: Called Strike 0-2: Foul Ball, location: 2F 0-2: Foul Ball, location: 2F 0-2: Ball 1-2: Strikes out looking
|
|
Batting: LHB Joe Miller
|
0-0: Called Strike 0-1: TRIPLE (Flyball, 89XD, EV 100.6 MPH)
|
|
Batting: RHB Elias Urbina
|
0-0: DOUBLE (Line Drive, 89D, EV 105.6 MPH) Joe Miller scores
|
|
Batting: RHB Brent Moody
|
0-0: Called Strike Elias Urbina steals 3rd base (no throw) 0-1: Ball 1-1: Foul Ball, location: 2F 1-2: Ball 2-2: Ball 3-2: Base on Balls
|
|
Batting: RHB Yamashita Yagi
|
0-0: Called Strike 0-1: Ball 1-1: Ball Brent Moody steals 2nd base 2-1: Called Strike 2-2: Strikes out looking
|
|
Batting: RHB Willis Morales
|
0-0: Ball 1-0: Foul Ball, location: 2F 1-1: SINGLE (Groundball, 34D, EV 103.8 MPH) Elias Urbina scores Brent Moody to third Runner from 3rd tries for Home, SAFE, throw by RF to home
|
|
Batting: LHB Roy Riess
|
0-0: Ball Willis Morales steals 2nd base (no throw) 1-0: Called Strike Willis Morales steals 3rd base (no throw) 1-1: Called Strike 1-2: Foul Ball, location: 2F 1-2: SINGLE (Line Drive, 6D, EV 106.9 MPH) Willis Morales scores
|
|
Pitching: RHP Omar Pineda
|
|
|
Batting: LHB Eric Ludwig
|
0-0: Ball 1-0: Ball 2-0: Ball 3-0: Base on Balls Roy Riess to second
|
|
Batting: LHB Chris Raymond
|
0-0: Foul Ball, location: 2F 0-1: Fly out, F7 (Flyball, 7D, EV 84.4 MPH)
|
| Bottom of the 6th over - 4 runs, 4 hits, 0 errors, 2 left on base; Lakewood 4 - Hartford 7 |
| TOP OF THE 7TH |
|
Lakewood BlueClaws batting - Pitching for Hartford Yard Goats : LHP Steve Lima
|
|
Pitching: LHP Ruben Nunez
|
|
|
Batting: SHB Marco de Leon
|
0-0: Ball 1-0: Ball 2-0: Foul Ball, location: 2F 2-1: Foul Ball, location: 2F 2-2: Ball 3-2: DOUBLE (Line Drive, 7LM, EV 105.6 MPH)
|
|
Batting: RHB Victor Arroyo
|
0-0: Foul Ball, location: 2F 0-1: Foul Ball, location: 2F 0-2: Foul Ball, location: 2F 0-2: Ball 1-2: Strikes out swinging
|
|
Batting: RHB Carlos Morejon
|
0-0: Called Strike 0-1: Foul Ball, location: 2F 0-2: Strikes out swinging
|
|
Batting: LHB Alex Fernandez
|
0-0: Called Strike 0-1: Swinging Strike 0-2: Ball 1-2: Fly out, F7 (Flyball, 78M, EV 89.4 MPH)
|
| Top of the 7th over - 0 runs, 1 hit, 0 errors, 1 left on base; Lakewood 4 - Hartford 7 |
| BOTTOM OF THE 7TH |
|
Hartford Yard Goats batting - Pitching for Lakewood BlueClaws : RHP Omar Pineda
|
|
Pitching: RHP Georgs Felitti
|
|
|
Batting: RHB Matt Fabre
|
0-0: Foul Ball, location: 2F 0-1: Foul Ball, location: 2F 0-2: Ball 1-2: Ball 2-2: Foul Ball, location: 2F 2-2: Ball 3-2: Ground out 4-3 (Groundball, 4, EV 103.8 MPH)
|
|
Batting: LHB Joe Miller
|
0-0: Ball 1-0: Called Strike 1-1: Swinging Strike 1-2: Foul Ball, location: 2F 1-2: Strikes out swinging
|
|
Batting: RHB Elias Urbina
|
0-0: Ball 1-0: DOUBLE (Flyball, 9LD, EV 101.2 MPH)
|
|
Batting: RHB Brent Moody
|
0-0: Ball 1-0: Ball 2-0: Ball 3-0: Called Strike 3-1: Base on Balls
|
|
Batting: RHB Yamashita Yagi
|
0-0: Ball 1-0: Called Strike 1-1: Fly out, F9 (Line Drive, 9, EV 91.9 MPH)
|
| Bottom of the 7th over - 0 runs, 1 hit, 0 errors, 2 left on base; Lakewood 4 - Hartford 7 |
| TOP OF THE 8TH |
|
Lakewood BlueClaws batting - Pitching for Hartford Yard Goats : LHP Ruben Nunez
|
|
Pitching: RHP Jeremy Richards
|
|
|
Batting: RHB Joe Hewitt
|
0-0: Ball 1-0: SINGLE (Line Drive, 9S, EV 111.9 MPH)
|
|
Batting: RHB Frank Shelton
|
0-0: Ball 1-0: Ball 2-0: Called Strike 2-1: Grounds into double play, 3-6-3 (Groundball, 3, EV 91.2 MPH)
|
|
Pinch Hitting: SHB Brett St. Clair
|
0-0: Ball 1-0: Reached on error, E4 (Groundball, 4, EV 101.2 MPH)
|
|
Batting: RHB Prabhukumar Santhanakrishnan
|
0-0: Called Strike 0-1: Swinging Strike 0-2: Foul Ball, location: 2F 0-2: Foul Ball, location: 2F 0-2: Ground out 5-3 (Groundball, 56S, EV 73.1 MPH)
|
| Top of the 8th over - 0 runs, 1 hit, 1 error, 1 left on base; Lakewood 4 - Hartford 7 |
| BOTTOM OF THE 8TH |
|
Hartford Yard Goats batting - Pitching for Lakewood BlueClaws : RHP Georgs Felitti
|
|
Pitching: LHP Chris Burch
|
|
|
Now at 2B: Mark Schultz
|
|
|
Now at SS: Pablo Lopez
|
|
|
Batting: RHB Willis Morales
|
0-0: Ball 1-0: Foul Ball, location: 2F 1-1: Ball 2-1: Fly out, F9 (Line Drive, 9D, EV 93.1 MPH)
|
|
Batting: LHB Roy Riess
|
0-0: Ball 1-0: Ground out 4-3 (Groundball, 4S, EV 83.1 MPH)
|
|
Batting: LHB Eric Ludwig
|
0-0: Ball 1-0: Ball 2-0: Swinging Strike 2-1: DOUBLE (Line Drive, 78D, EV 104.4 MPH)
|
|
Batting: LHB Chris Raymond
|
0-0: Ball 1-0: Ball 2-0: Ball 3-0: Base on Balls
|
|
Batting: RHB Matt Fabre
|
0-0: Ball 1-0: Ball 2-0: Foul Ball, location: 2F 2-1: Swinging Strike 2-2: Strikes out swinging
|
| Bottom of the 8th over - 0 runs, 1 hit, 0 errors, 2 left on base; Lakewood 4 - Hartford 7 |
| TOP OF THE 9TH |
|
Lakewood BlueClaws batting - Pitching for Hartford Yard Goats : RHP Jeremy Richards
|
|
Pitching: RHP Javier Leon
|
|
|
Now at 2B: Chris Raymond
|
|
|
Now in CF: Joe Miller
|
|
|
Now in RF: Bobby Gulsby
|
|
|
Batting: RHB Mark Schultz
|
0-0: Called Strike 0-1: Foul Ball, location: 2F 0-2: Ball 1-2: Strikes out swinging
|
|
Batting: SHB Marco de Leon
|
0-0: Ball 1-0: Ball 2-0: Ball 3-0: Called Strike 3-1: Base on Balls
|
|
Batting: RHB Victor Arroyo
|
Pickoff Throw to First - Error! E1 Marco de Leon to second 0-0: Ball 1-0: Swinging Strike 1-1: Called Strike 1-2: Strikes out swinging
|
|
Batting: RHB Carlos Morejon
|
0-0: Ball 1-0: Foul Ball, location: 2F 1-1: Swinging Strike 1-2: Hit by Pitch
|
|
Batting: LHB Alex Fernandez
|
0-0: Fielders Choice at 2nd, 6-4 (Groundball, 6, EV 99.4 MPH)
|
| Top of the 9th over - 0 runs, 0 hits, 1 error, 2 left on base; Lakewood 4 - Hartford 7 |
|